 Dungeon Crawl Stone Soup version 0.22-a0-393-g7f50228 (webtiles) character file.

53 JeffiDaFish the Firebug (level 3, -5/26 HPs)
             Began as a Draconian Fire Elementalist on May 2, 2018.
             Slain by a gnoll
             ... wielding a +0 spear
              (7 damage)
             ... on level 2 of the Dungeon.
             The game lasted 00:04:11 (1111 turns).

JeffiDaFish the Firebug (DrFE)                      Turns: 1111, Time: 00:04:11

Health: -5/26      AC:  5    Str: 16    XL:     3   Next: 64%
Magic:  1/6        EV: 12    Int: 16    God:
Gold:   91         SH:  0    Dex: 11    Spells: 3/7 levels left

rFire    . . .     SeeInvis .   a - +0 dagger
rCold    . . .     Gourm    .   (no shield)
rNeg     . . .     Faith    .   (armour unavailable)
rPois    .         Spirit   .   (helmet restricted)
rElec    .         Reflect  .   (no cloak)
rCorr    .         Harm     .   (no gloves)
MR       .....                  (no boots)
Stlth    ++........             (no amulet)
HPRegen  0.08/turn              e - +6 ring of strength
MPRegen  0.10/turn              (no ring)

@: no status effects
A: unfitting armour, cold-blooded, AC +5
a: no special abilities


You were on level 2 of the Dungeon.
You were not hungry.

You visited 1 branch of the dungeon, and saw 2 of its levels.

You collected 91 gold pieces.

Inventory:

Hand Weapons
 a - a +0 dagger (weapon)
Armour
 c - a +0 buckler
Jewellery
 e - a +6 ring of strength (left hand)
 i - a cursed ring of teleportation {unknown}
Scrolls
 f - a scroll of blinking
Potions
 g - a potion of flight
Comestibles
 b - 3 rations
 d - a chunk of flesh


   Skills:
 - Level 2.0 Dodging
 - Level 1.7 Stealth
 + Level 0.9 Shields
 * Level 2.6 Spellcasting
 * Level 2.1 Conjurations
 + Level 3.3 Fire Magic


You had 3 spell levels left.
You knew the following spells:

 Your Spells              Type           Power        Failure   Level  Hunger
a - Flame Tongue          Conj/Fire      ##...        6%          1    #......
b - Conjure Flame         Conj/Fire      ##......     19%         3    ###....


Dungeon Overview and Level Annotations

Branches:
Dungeon (2/15)

Altars:


Innate Abilities, Weirdness & Mutations

Your plain brown scales are hard. (AC +5)
You cannot fit into any form of body armour.
You are cold-blooded and may be slowed by cold attacks.


Message History

Aim: a ball python The flame tongue misses the ball python.
The flame tongue hits the gnoll.
The gnoll is lightly wounded.
The gnoll shouts!
The ball python misses you. The ball python barely misses you.
The ball python closely misses you. The ball python grabs you.
The ball python constricts you.
You escape the ball python's grasp.
The gnoll completely misses you.
The gnoll hits you from afar with a spear!
The ball python completely misses you. The ball python barely misses you.
You see here a fizzy white potion.
The ball python barely misses you. x2; The gnoll hits you with a flail.
The gnoll hits you but does no damage.
A gnoll comes into view. It is wielding a spear.
The gnoll shouts!
The gnoll hits you from afar with a spear!
* * * LOW HITPOINT WARNING * * *
The gnoll hits you from afar with a spear!
You die...

.# ## #... #..# #.
#######.#### ##..#### #.
#!.....g.... .......# #.
#.......##g# #...##.###(
#.......##?###...##.....
#....g..##.##...........
#.......##.##...###.....
#...!.g@...##...###.###.
#$....S.##..........# #.
#############.####### #.
#......# #. #.####.# ##
#.# #.# ... #..


You could see 3 gnolls and a ball python.

Vanquished Creatures
  2 adders (D:2)
  A dart slug (D:1)
  3 leopard geckos
  A ball python (D:2)
  A giant cockroach (D:2)
  7 goblins
  3 hobgoblins
  3 bats
  4 frilled lizards
  3 kobolds
28 creatures vanquished.

Notes
Turn   | Place    | Note
-------+----------+-------------------------------------------
     0 | D:1      | JeffiDaFish the Draconian Fire Elementalist began the quest for the Orb.
     0 | D:1      | Reached XP level 1. HP: 14/14 MP: 3/3
   132 | D:1      | Reached XP level 2. HP: 20/20 MP: 0/5
   831 | D:2      | Reached XP level 3. HP: 26/26 MP: 3/6
   844 | D:2      | Learned a level 3 spell: Conjure Flame
  1111 | D:2      | Slain by a gnoll

Vault maps used:
D:1:      lordsloth_arrival_two_stooges
D:2:      first_ration, okawaru_ov_weapons_minmay

Skill      XL: |  1  2  3 |
---------------+----------+-----
Dodging        | 2 |  2.0
Conjurations   | 2 |  2.1
Stealth        | |  1.7
Shields        | |  0.9
Spellcasting   | |  2.6
Fire Magic     | |  3.3

Action                   || total
-------------------------++-------
Melee: Unarmed           ||     3
       Tailslap          ||     4
       Dagger            ||    27
 Cast: Flame Tongue      ||    40
       Conjure Flame     ||     2
  Use: Scroll            ||     2
       Potion            ||     3
  Eat: Chunk             ||     1
Armor: Skin              ||    10
Dodge: Dodged            ||    29

Table legend:
 A = Spawn XP
 B = Non-spawn XP
 C = Spawn XP percentage of total XP
 D = Spawn monster count
 E = Non-spawn monster count
 F = Spawn count percentage of total count
 G = Total turns spent on level
                    A         B        C        D         E        F      G
               +---------+---------+-------+---------+---------+-------+---------
         Total |       0 |      77 |   0.0 |       0 |      28 |   0.0 |  1111
               +---------+---------+-------+---------+---------+-------+---------
           D:1 |       0 |      31 |   0.0 |       0 |      16 |   0.0 |   638
           D:2 |       0 |      46 |   0.0 |       0 |      12 |   0.0 |   473
               +---------+---------+-------+---------+---------+-------+---------
